[Event "*** SCC Grand Prix: Titled Tuesday Blitz"]
[Site "Chess.com"]
[Date "2020.08.25"]
[Round "4"]
[White "stolencandy13"]
[Black "vugarrasulov"]
[Result "0-1"]
[WhiteElo "2504"]
[BlackElo "2820"]
[TimeControl "180+1"]
[EndTime "10:40:05 PDT"]
[Termination "vugarrasulov won by resignation"]

1. e4 c5 2. Nf3 g6 3. c4 Nc6 4. d4 cxd4 5. Nxd4 Nf6 6. Nc3 d6 7. Be3 Ng4 8. Nxc6 bxc6 9. Bc1 Qb6 10. Qc2 Be6 11. h3 Ne5 12. b3 Bg7 13. Be2 O-O 14. O-O f5 15. Be3 Qa5 16. Bd2 Qb6 17. Be3 Qa5 18. Bd2 Qd8 19. f4 Nd7 20. Bf3 fxe4 21. Bxe4 Nf6 22. Bf3 d5 23. cxd5 cxd5 24. Rad1 Rc8 25.
Qd3 Bf5 26. Qd4 Kh8 27. Qxa7 d4 28. Na4 Rc7 29. Qb6 Rc2 30. Qxd8 Rxd8 31. Ba5 Rd7 32. Rf2 d3 33. Rdd2 Ne4 34. Bxe4 Bxe4 35. Bb4 Bd4 36. Kf1 Rc1+ 0-1

[Event "*** SCC Grand Prix: Titled Tuesday Blitz"]
[Site "Chess.com"]
[Date "2020.08.25"]
[Round "4"]
[White "jacky72"]
[Black "anon569"]
[Result "1-0"]
[WhiteElo "2550"]
[BlackElo "2327"]
[TimeControl "180+1"]
[EndTime "10:40:06 PDT"]
[Termination "jacky72 won on time"]

1. d4 Nf6 2. c4 e6 3. Nf3 Bb4+ 4. Bd2 c5 5. Nc3 b6 6. a3 Bxc3 7. Bxc3 Ne4 8. Qc2 Nxc3 9. Qxc3 O-O 10. g3 Bb7 11.
Bg2 cxd4 12. Qxd4 Nc6 13. Qd3 Qc7 14. O-O Rad8 15. e4 Ne7 16. Rac1 d6 17. b4 Qb8 18.
Rfd1 Ng6 19. Qe3 Rfe8 20. h4 d5 21. exd5 exd5 22. Qg5 h6 23. Qg4 Re4 24. Qh3 dxc4 25. Rxd8+ Qxd8 26. h5 Nf8 27. Nh4 Qd2 28. Rf1 c3 29.
Bxe4 Bxe4 30. Qg4 Bd3 31. Rd1 Qc2 32. Re1 Qd2 33. Qd1 Qxd1 34. Rxd1 c2 35. Rc1 Ne6 36. Nf3 Be4 37. Ne1 Nd4 38. Kf1 Nb3 39. Rxc2 Bxc2 40. Nxc2 Nd2+ 41. Ke2 Nc4 42. Kd3 Nd6 43. Kd4 Kf8 44.
Kd5 Ke7 45. Kc6 Ne4 46. Kb7 Nxf2 47. Kxa7 Ne4 48. g4 1-0

[Event "*** SCC Grand Prix: Titled Tuesday Blitz"]
[Site "Chess.com"]
[Date "2020.08.25"]
[Round "4"]
[White "BlackBoarder"]
[Black "Nara_Kh"]
[Result "1-0"]
[WhiteElo "2547"]
[BlackElo "2321"]
[TimeControl "180+1"]
[EndTime "10:40:07 PDT"]
[Termination "BlackBoarder won by resignation"]

1. e4 c5 2. Nf3 d6 3. c3 Nf6 4. h3 g6 5. Bd3 Bg7 6. Bc2 O-O 7. O-O Qc7 8. d4 Rd8 9. Re1 b6 10. Bf4 Bb7 11. d5 b5 12. Nbd2 a6 13. Nf1 Nbd7 14.
Qd2 Nb6 15. b3 e6 16. dxe6 fxe6 17. Rad1 e5 18. Bh6 Qe7 19. Bxg7 Kxg7 20. Ng3 Nbd7 21. Qxd6 Qxd6 22. Rxd6 Ne8 23. Rd2 Kf7 24. Rxd7+ Rxd7 25. Nxe5+ Ke6 26. Nxd7 Kxd7 27. Rd1+ Ke6 28. f3 Nd6 29. Ne2 a5 30. Nf4+ Ke5 31. Nd3+ Ke6 32. Nxc5+ Ke7 33. e5 1-0

[Event "*** SCC Grand Prix: Titled Tuesday Blitz"]
[Site "Chess.com"]
[Date "2020.08.25"]
[Round "4"]
[White "GianmarcoVaR"]
[Black "1977Ivan"]
[Result "0-1"]
[WhiteElo "2476"]
[BlackElo "2691"]
[TimeControl "180+1"]
[EndTime "10:40:08 PDT"]
[Termination "1977Ivan won on time"]

1. d4 Nf6 2. Nf3 g6 3. c4 Bg7 4. g3 d6 5. Bg2 c6 6. O-O Qa5 7. h3 O-O 8. Nc3 e5 9. e4 exd4 10. Nxd4 Qc5 11. Nb3 Qb4 12. Re1 a5 13. Nd2 a4 14. a3 Qa5 15. Nf1 Ne8 16. Bd2 Be6 17.
Ne3 Nd7 18. Qe2 Nc5 19. Red1 Nb3 20. Rab1 Nxd2 21. Qxd2 Qc5 22. Qc2 Qa7 23. Rd2 h5 24.
h4 Bh6 25. Re1 Bxe3 26. Rxe3 Bxc4 27. Nd1 Bb3 28. Qc3 Qa5 29. Red3 Qxc3 30. Nxc3 Ra5 31.
Ne2 f6 32. Nd4 Bc4 33. Rc3 Bf7 34. Ne2 Kg7 35. Nf4 g5 0-1

[Event "*** SCC Grand Prix: Titled Tuesday Blitz"]
[Site "Chess.com"]
[Date "2020.08.25"]
[Round "4"]
[White "hansen"]
[Black "topotun"]
[Result "1-0"]
[WhiteElo "2943"]
[BlackElo "2721"]
[TimeControl "180+1"]
[EndTime "10:40:09 PDT"]
[Termination "hansen won on time"]

1. e4 c5 2. Nf3 e6 3. d4 cxd4 4. Nxd4 Nc6 5. Nc3 Qc7 6. Be3 a6 7. Qd2 Nf6 8. O-O-O b5 9. f3 Ne5 10. Kb1 Bb7 11. Bf4 Rc8 12. g4 h6 13. h4 b4 14.
Na4 d5 15. exd5 Nxd5 16. Bh2 Bd6 17. g5 Qa5 18. b3 Nc3+ 19. Nxc3 bxc3 20. Qc1 hxg5 21.
Nxe6 Ba3 22. Qxg5 Bd6 23. Rxd6 Qa3 24. Rd8+ 1-0

[Event "*** SCC Grand Prix: Titled Tuesday Blitz"]
[Site "Chess.com"]
[Date "2020.08.25"]
[Round "4"]
[White "ChessWarrior7197"]
[Black "GMKrikor"]
[Result "1-0"]
[WhiteElo "2918"]
[BlackElo "2717"]
[TimeControl "180+1"]
[EndTime "10:40:09 PDT"]
[Termination "ChessWarrior7197 won on time"]

1. e4 g6 2. d4 Bg7 3. Nc3 d6 4. Be3 a6 5. Nf3 b5 6. Bd3 Bb7 7. O-O Nd7 8. Ne2 Ngf6 9. Ng3 O-O 10. c3 e5 11. Re1 d5 12. exd5 exd4 13. Bxd4 Bxd5 14. a4 c6 15. b4 Qc7 16. Ne5 Rfe8 17. Nxd7 Qxd7 18. axb5 axb5 19. Rxe8+ Rxe8 20. h3 h5 21. Nf1 Be4 22. Ne3 Bxd3 23. Qxd3 Ne4 24. Ra7 Qd6 25. Nc2 Qf4 26. Be3 Qe5 27. Qd7 Rf8 28.
Qxc6 Nxc3 29. Nd4 Nd5 30. Nf3 Qe4 31. Bc5 Re8 32. Qd7 Qe6 33. Qxe6 Rxe6 34. Ra8+ Kh7 35. Ng5+ 1-0

[Event "*** SCC Grand Prix: Titled Tuesday Blitz"]
[Site "Chess.com"]
[Date "2020.08.25"]
[Round "4"]
[White "Azoulas1"]
[Black "pavelalexandru07"]
[Result "0-1"]
[WhiteElo "1955"]
[BlackElo "2214"]
[TimeControl "180+1"]
[EndTime "10:40:09 PDT"]
[Termination "pavelalexandru07 won by checkmate"]

1. e4 c5 2. Nf3 d6 3. d4 cxd4 4. Nxd4 Nf6 5. Nc3 a6 6. f3 e5 7. Nb3 Be6 8. Be3 h5 9. Qd2 Nbd7 10. O-O-O Be7 11. Be2 Rc8 12. Rhg1 b5 13. h4 Nb6 14. Kb1 b4 15. Bxb6 Qxb6 16. Nd5 Nxd5 17. exd5 Bf5 18. Bd3 Bxd3 19. Qxd3 a5 20. g4 a4 21. Nc1 a3 22. b3 Qc5 23. Ne2 Rc7 24. g5 g6 25.
Rge1 O-O 26. f4 Rfc8 27. fxe5 Qxc2+ 28. Qxc2 Rxc2 29. Ka1 dxe5 30. d6 Bf8 31. Nc1 Bg7 32. Nd3 e4+ 33. Kb1 exd3 34. d7 Rb2+ 35. Ka1 Rxb3+ 36.
Re5 Bxe5# 0-1

[Event "*** SCC Grand Prix: Titled Tuesday Blitz"]
[Site "Chess.com"]
[Date "2020.08.25"]
[Round "4"]
[White "DenLaz"]
[Black "killer311"]
[Result "1-0"]
[WhiteElo "2710"]
[BlackElo "2480"]
[TimeControl "180+1"]
[EndTime "10:40:11 PDT"]
[Termination "DenLaz won by resignation"]

1. c4 c6 2. Nf3 d5 3. e3 Nf6 4.
Nc3 e6 5. b3 Bd6 6. Bb2 O-O 7.
d4 Nbd7 8. Bd3 b6 9. O-O Bb7 10. Qc2 Rc8 11. Rad1 Re8 12. Rfe1 dxc4 13. Bxc4 Qe7 14. e4 e5 15. Ne2 b5 16. Bd3 c5 17.
dxe5 Nxe5 18. Nxe5 Bxe5 19. Bxe5 Qxe5 20. Bxb5 Bxe4 21.
Qc3 Qg5 22. Ng3 Bc6 23. Bxc6 Rxc6 24. Rxe8+ Nxe8 25. Re1 Nf6 26. h4 Qg4 27. Qe5 h6 28. Qb8+ Kh7 29. Qxa7 Qxh4 30. Qxf7 Rd6 31. Nf5 1-0

[Event "*** SCC Grand Prix: Titled Tuesday Blitz"]
[Site "Chess.com"]
[Date "2020.08.25"]
[Round "4"]
[White "Keithonsky"]
[Black "ZarinaShafigullina"]
[Result "1-0"]
[WhiteElo "2552"]
[BlackElo "2295"]
[TimeControl "180+1"]
[EndTime "10:40:11 PDT"]
[Termination "Keithonsky won by resignation"]

1. d4 Nf6 2. c4 e6 3. Nf3 b6 4. g3 Ba6 5. Qa4 c5 6. Bg2 Bb7 7. dxc5 Bxc5 8. O-O O-O 9. Nc3 d5 10.
Rd1 Qc8 11. Bg5 dxc4 12. Bxf6 gxf6 13. e3 Be7 14. Nd2 Bxg2 15. Kxg2 Qc6+ 16. Qxc6 Nxc6 17. Nxc4 Rfd8 18. Nb5 Rac8 19. b3 Kf8 20. Rac1 a6 21.
Nbd6 Rc7 22. Ne4 Rxd1 23. Rxd1 b5 24. Ncd6 Nb4 25. a3 Nd5 26. g4 Rd7 27. Nc8 Bxa3 28. Ra1 b4 29. Kf3 Rc7 30. Ncd6 Ke7 31. Nc4 f5 32. gxf5 exf5 33. Ng3 Ke6 34. Nxa3 bxa3 35. Rxa3 Rc6 36. Ra5 Rb6 37. Ne2 f4 38. e4 Nb4 39.
Nd4+ Ke7 40. Kxf4 Nd3+ 41. Ke3 Nc1 42. Ra3 Rb4 43. Nc6+ 1-0

[Event "*** SCC Grand Prix: Titled Tuesday Blitz"]
[Site "Chess.com"]
[Date "2020.08.25"]
[Round "4"]
[White "Ali_rastbod"]
[Black "InitiatingASC"]
[Result "1-0"]
[WhiteElo "2671"]
[BlackElo "2341"]
[TimeControl "180+1"]
[EndTime "10:40:11 PDT"]
[Termination "Ali_rastbod won by resignation"]

1. c4 Nf6 2. Nf3 e6 3. g3 b6 4. Bg2 Bb7 5. O-O Be7 6. d4 c5 7. d5 exd5 8. Nh4 O-O 9. cxd5 d6 10. Nc3 Nbd7 11. e4 Re8 12. Re1 a6 13. a4 Bf8 14.
Nf5 c4 15. Bf4 Nc5 16. Qd4 Nb3 17. Qxc4 Nxa1 18. Rxa1 b5 19. Qd3 b4 20. Ne2 a5 21.
Ned4 Ba6 22. Qc2 Qb6 23. Nc6 b3 24. Qb1 Qc5 25. Be3 Qc2 26. Qxc2 bxc2 27. f3 Bc4 28.
Bd4 Nd7 29. Ne3 Bb3 30. Bf1 Nb8 31. Bb5 Nxc6 32. dxc6 Rac8 33. Nd5 Rxc6 34. Bxc6 Rc8 35. Nc3 Rxc6 36. Kf2 Rc4 37. Ke3 Bxa4 38. Nxa4 c1=Q+ 39. Rxc1 Rxc1 40. Nc3 g6 41. Nd5 Bg7 42. Bb6 Rc2 43.
Bxa5 Rxb2 44. h4 h5 45. Bc7 Bf8 46. Nf6+ Kg7 47. Ne8+ Kg8 48. Bxd6 Bxd6 49. Nxd6 Rb3+ 50. Kf4 Kg7 51. Ne8+ Kf8 52. Nf6 Rb6 53. Nd7+ Ke7 54. Nxb6 1-0

[Event "*** SCC Grand Prix: Titled Tuesday Blitz"]
[Site "Chess.com"]
[Date "2020.08.25"]
[Round "4"]
[White "Harsha_Bharathakoti"]
[Black "FMJoseHerrera"]
[Result "1-0"]
[WhiteElo "2819"]
[BlackElo "2503"]
[TimeControl "180+1"]
[EndTime "10:40:12 PDT"]
[Termination "Harsha_Bharathakoti won on time"]

1. c4 Nf6 2. g3 g6 3. Bg2 Bg7 4. Nc3 d6 5. e4 Nc6 6. Nge2 h5 7.
h4 O-O 8. d3 Ng4 9. f3 Nf6 10.
O-O e6 11. d4 Nh7 12. Be3 e5 13. Qd2 exd4 14. Nxd4 Ne5 15. b3 Re8 16. Rad1 a6 17.
Nde2 Bd7 18. Nf4 Qc8 19. Ncd5 Qd8 20. Rfe1 Nf8 21. c5 Bc6 22. cxd6 Qxd6 23. Qf2 Bxd5 24. Nxd5 b6 25. Nxb6 Nd3 26. Nxa8 Nxf2 27. Rxd6 cxd6 28. Nc7 Rc8 29. Nd5 Nd3 30. Ne7+ Kh7 31. Nxc8 Nxe1 32. Nxd6 Ne6 33. Nxf7 Nc2 34. Bd2 Bd4+ 35. Kh2 Kg7 36. Nd6 Be5 37. Nc4 Bc7 38. f4 Kf7 39. e5 Ncd4 40.
Be4 Nc5 41. Bd5+ Ke7 42. Kg2 a5 43. Nxa5 1-0

[Event "*** SCC Grand Prix: Titled Tuesday Blitz"]
[Site "Chess.com"]
[Date "2020.08.25"]
[Round "4"]
[White "mortngabriel"]
[Black "BikingBrian"]
[Result "1-0"]
[WhiteElo "2452"]
[BlackElo "2274"]
[TimeControl "180+1"]
[EndTime "10:40:13 PDT"]
[Termination "mortngabriel won by resignation"]

1. e4 c5 2. Nf3 g6 3. d4 cxd4 4. Qxd4 Nf6 5. Nc3 Nc6 6. Qa4 d6 7. e5 dxe5 8. Nxe5 Qd4 9. Nxc6 Qxa4 10. Nxa4 bxc6 11. b3 Bg7 12. Bb2 O-O 13. Bd3 Nd5 14.
Bxg7 Kxg7 15. O-O-O Nb4 16. a3 Nxd3+ 17. Rxd3 Bf5 18.
Rc3 Be4 19. f3 Bd5 20. Re1 Kf6 21. Rc5 Rac8 22. Ra5 Rc7 23. Nc5 e5 24. Rd1 Ke7 25. Re1 Kf6 26. c4 Be6 27. Nd3 Rb8 28. Nc5 Bc8 29. Kb2 Re7 30. Kc3 h5 31. Nd3 Reb7 32. b4 Bf5 33. Nxe5 Rc7 34. Rc5 Rbc8 35. h4 Be6 36. Rd1 Bd5 37. cxd5 cxd5 38. Rxd5 Rxc5+ 39. Rxc5 Rxc5+ 40. bxc5 Kxe5 41. Kc4 Ke6 42. Kb5 Kd7 43.
c6+ Kc7 44. Kc5 a6 45. a4 f6 46. a5 g5 47. g3 gxh4 48. gxh4 1-0

[Event "*** SCC Grand Prix: Titled Tuesday Blitz"]
[Site "Chess.com"]
[Date "2020.08.25"]
[Round "4"]
[White "gmcorrales"]
[Black "Taron_Shagbazyan"]
[Result "1-0"]
[WhiteElo "2912"]
[BlackElo "2651"]
[TimeControl "180+1"]
[EndTime "10:40:15 PDT"]
[Termination "gmcorrales won by resignation"]

1. e4 e5 2. Nf3 Nc6 3. d4 exd4 4. Nxd4 Qf6 5. Nb3 Bb4+ 6. c3 Be7 7. Be2 d6 8. O-O Qg6 9. Re1 Nf6 10. f3 h5 11. c4 h4 12. Bf1 h3 13. g3 Nh5 14.
Kh1 Bd7 15. Be3 O-O-O 16. Nc3 f5 17. exf5 Nxg3+ 18. hxg3 Qxg3 19. Ne4 Qh4 20. Nd4 Ne5 21. Be2 Rdf8 22. Rg1 Kb8 23. Qe1 Qh7 24. f4 Nc6 25. Bf3 h2 26. Rg2 Nxd4 27. Bxd4 Qxf5 28. Nd2 Bf6 29. Bxf6 Qxf6 30. Qg3 Bc8 31. Ne4 Qxb2 32.
Rxb2 1-0

[Event "*** SCC Grand Prix: Titled Tuesday Blitz"]
[Site "Chess.com"]
[Date "2020.08.25"]
[Round "4"]
[White "Ermito2020"]
[Black "wonderfultime"]
[Result "0-1"]
[WhiteElo "2630"]
[BlackElo "2889"]
[TimeControl "180+1"]
[EndTime "10:40:16 PDT"]
[Termination "wonderfultime won by checkmate"]

1. e4 c5 2. Nf3 Nf6 3. e5 Nd5 4. Nc3 e6 5. Nxd5 exd5 6. d4 Nc6 7. dxc5 Bxc5 8. Bd3 d6 9. exd6 Qxd6 10. O-O O-O 11. Re1 h6 12. Be3 d4 13. Bd2 Qf6 14.
h3 Be6 15. Qe2 Bd5 16. Ne5 Rad8 17. Nxc6 bxc6 18. Qe5 Qxe5 19. Rxe5 Rfe8 20. Rae1 Rxe5 21. Rxe5 Bd6 22. Re1 c5 23. b3 Rc8 24. Bf5 Rb8 25. Be4 Be6 26. f4 Kf8 27. f5 Bd7 28. g4 Re8 29. Kf2 Be7 30. Kf3 Bh4 31. Re2 Bg5 32. Bxg5 hxg5 33. Bd5 Rxe2 34. Kxe2 f6 35. Kd3 Ke7 36.
Kc4 Kd6 37. Bg2 a6 38. a3 Bb5# 0-1

[Event "*** SCC Grand Prix: Titled Tuesday Blitz"]
[Site "Chess.com"]
[Date "2020.08.25"]
[Round "4"]
[White "Kavyev_Ruslan"]
[Black "Morshynska"]
[Result "1-0"]
[WhiteElo "2479"]
[BlackElo "2191"]
[TimeControl "180+1"]
[EndTime "10:40:16 PDT"]
[Termination "Kavyev_Ruslan won by resignation"]

1. e4 c5 2. Nf3 a6 3. c3 e6 4.
d4 d5 5. exd5 Qxd5 6. Be2 cxd4 7. cxd4 Bd7 8. Nc3 Bb4 9. O-O Bxc3 10. bxc3 Bb5 11. Ba3 Nc6 12. Re1 Nge7 13. Ne5 Bxe2 14. Rxe2 Ng6 15. Nxc6 Qxc6 16. Rb1 O-O-O 17. Reb2 Rd7 18.
Rb6 Qe4 19. f3 Qe3+ 20. Kh1 Nf4 21. Bc1 Qe2 22. Bxf4 Qc4 23. Qb3 Qxb3 24. R1xb3 f6 25. Rc6+ Kd8 26. Rxe6 g5 27. Bg3 Rf8 28. h3 h5 29.
Rbb6 f5 30. Be5 f4 31. Bf6+ Kc8 32. Bxg5 Rg8 33. Bxf4 Rdg7 34. Re2 h4 35. Rh6 Rd7 36. Rxh4 b5 37. Rg4 Rf8 38. Bg3 a5 39. Re5 b4 40.
cxb4 axb4 41. Rb5 Ra7 42. Rxb4 Rxa2 43. Rb8+ 1-0

[Event "*** SCC Grand Prix: Titled Tuesday Blitz"]
[Site "Chess.com"]
[Date "2020.08.25"]
[Round "4"]
[White "TigrVShlyape"]
[Black "sergivila"]
[Result "1-0"]
[WhiteElo "2841"]
[BlackElo "2438"]
[TimeControl "180+1"]
[EndTime "10:40:18 PDT"]
[Termination "TigrVShlyape won by resignation"]

1. d4 d5 2. Nf3 Nf6 3. Bf4 e6 4.
e3 Bd6 5. Ne5 O-O 6. Nd2 c5 7.
c3 Qc7 8. Bd3 b6 9. Qe2 Nc6 10.
Ndf3 Bb7 11. g4 Ne4 12. g5 f6 13. gxf6 gxf6 14. Rg1+ Kh8 15. Nxc6 Bxf4 16. exf4 Bxc6 17. Qe3 Rg8 18. O-O-O a5 19. dxc5 Nxc5 20. Bc2 Rxg1 21. Rxg1 Rg8 22. Rg3 Be8 23. Nd4 Bf7 24. Rxg8+ Bxg8 25.
a3 a4 26. Nf3 Bf7 27. Qd4 Kg7 28. Kd2 b5 29. Qe3 Nb7 30. Nd4 Qd7 31. Qg3+ Kf8 32.
Qh4 Ke7 33. Qxh7 Nd6 34. Bg6 Nc4+ 35. Kc2 Ke8 36. Qg8+ 1-0

[Event "*** SCC Grand Prix: Titled Tuesday Blitz"]
[Site "Chess.com"]
[Date "2020.08.25"]
[Round "4"]
[White "kleopl"]
[Black "checkitas"]
[Result "0-1"]
[WhiteElo "2445"]
[BlackElo "2269"]
[TimeControl "180+1"]
[EndTime "10:40:19 PDT"]
[Termination "checkitas won by resignation"]

1. c4 Nf6 2. Nc3 e6 3. d4 d5 4. Bg5 Be7 5. cxd5 Nxd5 6. Bxe7 Nxe7 7. e4 b6 8. Nf3 Bb7 9. Bb5+ c6 10. Bd3 Nd7 11. O-O O-O 12. e5 h6 13. Ne4 c5 14.
dxc5 Nxc5 15. Nxc5 bxc5 16. Rc1 Qb6 17. b3 Rfd8 18.
Qe2 Nd5 19. Bb1 Nf4 20. Qc2 g6 21. Nh4 Ba6 22. g3 Ne2+ 23. Kg2 Bd3 24. Qd2 Be4+ 25. Bxe4 Rxd2 26. Bxa8 Nxc1 27. Rxc1 c4 28. Rf1 c3 29. Nf3 Rxa2 30. Be4 Qxb3 31. h4 Qc4 32. Bb1 Re2 33.
h5 c2 34. Rc1 Qc5 0-1

[Event "*** SCC Grand Prix: Titled Tuesday Blitz"]
[Site "Chess.com"]
[Date "2020.08.25"]
[Round "4"]
[White "JoliyRoger"]
[Black "Sn00pPawn"]
[Result "1-0"]
[WhiteElo "2374"]
[BlackElo "2017"]
[TimeControl "180+1"]
[EndTime "10:40:21 PDT"]
[Termination "JoliyRoger won on time"]

1. Nf3 f6 2. c4 c5 3. e3 e5 4.
Nc3 Nc6 5. d4 cxd4 6. exd4 Bb4 7. a3 Bxc3+ 8. bxc3 d6 9. Bd3 Nge7 10. O-O O-O 11. Re1 Bg4 12. h3 Bh5 13. Be2 Qa5 14. Bd2 Rfe8 15. a4 e4 16. Nh2 Bf7 17. Rb1 b6 18. Rb5 Qa6 19. c5 dxc5 20. dxc5 Qb7 21. Be3 Rad8 22. Qb1 Nd5 23. Qc1 Nxe3 24. Qxe3 Ne5 25.
cxb6 a6 26. Rb4 Nd3 27. Reb1 Nxb4 28. Rxb4 Rd6 29. a5 Red8 30. Nf1 f5 31. c4 Kh8 32. c5 Rd5 33. Rc4 Be8 34. Rc1 Bb5 35. Bxb5 axb5 36. c6 Qa6 37. c7 Rc8 38. Qc3 1-0

[Event "*** SCC Grand Prix: Titled Tuesday Blitz"]
[Site "Chess.com"]
[Date "2020.08.25"]
[Round "4"]
[White "ChelsieMonica"]
[Black "Zarinur"]
[Result "1-0"]
[WhiteElo "2402"]
[BlackElo "2127"]
[TimeControl "180+1"]
[EndTime "10:40:22 PDT"]
[Termination "ChelsieMonica won on time"]

1. c4 e5 2. Nc3 Bb4 3. Nf3 Nc6 4. d3 d6 5. g3 Nge7 6. Bg2 O-O 7. O-O Bxc3 8. bxc3 h6 9. h3 Be6 10. Rb1 Rb8 11.
Nd2 Qd7 12. Kh2 f5 13. Ba3 f4 14. Qa4 Ng6 15. Rxb7 Rxb7 16. Bxc6 Qc8 17. Bxb7 Qxb7 18. g4 f3 19. exf3 Qb8 20. c5 Qd8 21. cxd6 cxd6 22.
Rh1 Qh4 23. Kg1 Nf4 24. Bxd6 Nxh3+ 25. Rxh3 Qxh3 26. Bxf8 Kxf8 27. Qxa7 h5 28. Qb8+ Kf7 29. Qxe5 hxg4 30. Qg3 Qh5 31. fxg4 Bxg4 32. f3 Bf5 33.
Ne4 Qh6 34. Nd6+ Kg8 35. Nxf5 Qc1+ 36. Kh2 Qd2+ 37. Qg2 Qf4+ 38. Ng3 Qh4+ 39. Qh3 1-0

[Event "*** SCC Grand Prix: Titled Tuesday Blitz"]
[Site "Chess.com"]
[Date "2020.08.25"]
[Round "4"]
[White "vinniethepooh"]
[Black "hellokostya"]
[Result "0-1"]
[WhiteElo "2656"]
[BlackElo "2480"]
[TimeControl "180+1"]
[EndTime "10:40:23 PDT"]
[Termination "hellokostya won on time"]

1. e4 Nc6 2. Nf3 d6 3. d4 Nf6 4. Nc3 g6 5. Bd3 Bg7 6. h3 e5 7. d5 Ne7 8. O-O O-O 9. Ne2 h6 10.
c4 Nd7 11. Nd2 f5 12. exf5 gxf5 13. f3 Nc5 14. Bc2 a5 15. Nb3 b6 16. Nxc5 bxc5 17. b3 Ng6 18. Bb2 Qg5 19. Qc1 f4 20.
Kh1 Nh4 21. Rf2 Kh8 22. Nc3 Rg8 23. Ne4 Qh5 24. Qf1 Bd7 25. a4 Raf8 26. Re1 Nf5 27. Bc1 Nd4 28. Bd1 Bf6 29. Rd2 Bh4 30. Nf2 Nf5 31.
Ne4 Bxe1 32. Qxe1 Ne3 33. Qf2 Bxh3 34. gxh3 Qxh3+ 35. Qh2 Rg1+ 0-1

[Event "*** SCC Grand Prix: Titled Tuesday Blitz"]
[Site "Chess.com"]
[Date "2020.08.25"]
[Round "4"]
[White "Poghosyan_Suren"]
[Black "lifeissofun"]
[Result "0-1"]
[WhiteElo "2416"]
[BlackElo "2255"]
[TimeControl "180+1"]
[EndTime "10:40:24 PDT"]
[Termination "lifeissofun won by resignation"]

1. e4 c5 2. Nf3 d6 3. d4 cxd4 4.
Nxd4 Nf6 5. Nc3 a6 6. Bc4 e6 7.
Bb3 Be7 8. Bg5 b5 9. Qf3 Bb7 10.
Bxe6 O-O 11. Bb3 b4 12. Nce2 Nxe4 13. h4 Nd7 14. Bxe7 Qxe7 15. O-O-O Ndc5 16. Nf5 Qe5 17. Ned4 Nc3 18. Qg4 Nxd1 19. Rxd1 Nxb3+ 20. axb3 g6 21. f4 Qc5 22. h5 Be4 23. hxg6 fxg6 24. Ne7+ Kh8 25.
Rd2 Rae8 26. Qh4 Rf7 27. f5 Rfxe7 28. Qf6+ Kg8 29. Ne6 Qg1+ 30. Rd1 Qf2 31. Qg7+ Rxg7 0-1

[Event "*** SCC Grand Prix: Titled Tuesday Blitz"]
[Site "Chess.com"]
[Date "2020.08.25"]
[Round "4"]
[White "Ariadna_Atreides"]
[Black "krasavetc"]
[Result "0-1"]
[WhiteElo "2049"]
[BlackElo "2305"]
[TimeControl "180+1"]
[EndTime "10:40:24 PDT"]
[Termination "krasavetc won by resignation"]

1. d4 Nf6 2. Nf3 e6 3. e3 c5 4.
Bd3 cxd4 5. exd4 Nc6 6. O-O d5 7. c3 Bd6 8. Re1 O-O 9. Bg5 Be7 10. Nbd2 h6 11. Bh4 Nd7 12. Bxe7 Nxe7 13. Ne5 Nxe5 14. Rxe5 Nc6 15. Re3 e5 16. dxe5 d4 17. cxd4 Qxd4 18. Nf3 Qxb2 19. Re2 Qa3 20. h3 Be6 21. Rd2 Rad8 22. Qe2 Rd7 23. Qe4 g6 24. Nh4 Rd4 25. Qe3 Rxh4 26. Rb1 Rd4 27. Rxb7 Rfd8 28.
Rc7 Rxd3 29. Rxd3 Qxd3 30. Qxd3 Rxd3 31. Rxc6 Ra3 32. Rc8+ Bxc8 0-1

[Event "*** SCC Grand Prix: Titled Tuesday Blitz"]
[Site "Chess.com"]
[Date "2020.08.25"]
[Round "4"]
[White "PSvidler"]
[Black "blitzking1729"]
[Result "1-0"]
[WhiteElo "2962"]
[BlackElo "2668"]
[TimeControl "180+1"]
[EndTime "10:40:25 PDT"]
[Termination "PSvidler won by resignation"]

1. e4 c6 2. Nf3 d5 3. d3 g6 4.
Nbd2 Bg7 5. g3 e5 6. Bg2 Ne7 7.
O-O O-O 8. Re1 Qc7 9. a4 dxe4 10. dxe4 Bg4 11. h3 Bxf3 12. Qxf3 Nd7 13. Nc4 Nc5 14.
Be3 Ne6 15. c3 Rfd8 16. h4 b5 17. axb5 cxb5 18. Na5 b4 19. Rec1 bxc3 20. bxc3 Rd3 21. Bh3 Rxc3 22. Bxe6 fxe6 23. Qg4 Rxc1+ 24. Rxc1 Qd7 25.
Nb3 h5 26. Qe2 Nc6 27. Qb5 Rc8 28. Kg2 Qe8 29. Qa6 Ne7 30. Qxe6+ Kf8 31. Nc5 Qf7 32. Qa6 Kg8 33. Qxa7 Rf8 34. Qd7 Qf3+ 35. Kh2 Rf7 36. Ne6 Bf8 37. Ng5 Qg4 38. Qxg4 hxg4 39. Nxf7 Kxf7 40.
Rc7 Ke6 41. Bc5 1-0

[Event "*** SCC Grand Prix: Titled Tuesday Blitz"]
[Site "Chess.com"]
[Date "2020.08.25"]
[Round "4"]
[White "lucasmito"]
[Black "GM_dmitrij"]
[Result "0-1"]
[WhiteElo "2522"]
[BlackElo "2881"]
[TimeControl "180+1"]
[EndTime "10:40:25 PDT"]
[Termination "GM_dmitrij won by checkmate"]

1. e4 e5 2. Nf3 Nc6 3. Bb5 a6 4.
Bxc6 dxc6 5. O-O Qf6 6. d4 exd4 7. Qxd4 Bg4 8. e5 Qg6 9. Nh4 Qh5 10. h3 Be6 11. Nc3 Nh6 12. Ne4 Be7 13. Nf3 O-O 14. Ng3 Qg6 15. Nh4 Bxh4 16. Qxh4 Nf5 17. Nxf5 Qxf5 18. Bf4 Qxc2 19. b3 h6 20. Qe7 Rac8 21. Rfe1 Rfd8 22. Qb4 b6 23. Qa4 c5 24. Qxa6 Qg6 25.
Bg3 h5 26. h4 Rd3 27. Qb7 Qg4 28. Qc6 Bd5 29. Qb5 Qd4 30. Rf1 Rxg3 31. Rad1 Rxg2+ 32. Kh1 Qxh4# 0-1

[Event "*** SCC Grand Prix: Titled Tuesday Blitz"]
[Site "Chess.com"]
[Date "2020.08.25"]
[Round "4"]
[White "German_Bazeev"]
[Black "ErikBlomqvist"]
[Result "1-0"]
[WhiteElo "2838"]
[BlackElo "2512"]
[TimeControl "180+1"]
[EndTime "10:40:26 PDT"]
[Termination "German_Bazeev won by resignation"]

1. d4 Nf6 2. c4 e6 3. Nc3 Bb4 4.
Nf3 d6 5. Bg5 h6 6. Bh4 Bxc3+ 7.
bxc3 Nbd7 8. Nd2 e5 9. e3 Qe7 10. Bd3 O-O 11. O-O Re8 12. Qc2 g5 13. Bg3 Nh5 14.
Rae1 Ndf6 15. e4 Bd7 16. c5 Rac8 17. Nc4 Nxg3 18. fxg3 Nh5 19. Ne3 Ng7 20. Bc4 Be6 21. Bb3 exd4 22. cxd4 dxc5 23. d5 Bd7 24. Qf2 Rf8 25.
e5 b5 26. d6 cxd6 27. Nd5 Qd8 28. Nf6+ Kh8 29. Qc2 1-0

[Event "*** SCC Grand Prix: Titled Tuesday Blitz"]
[Site "Chess.com"]
[Date "2020.08.25"]
[Round "4"]
[White "Mischuk_D"]
[Black "mattcolins2025"]
[Result "0-1"]
[WhiteElo "2609"]
[BlackElo "2466"]
[TimeControl "180+1"]
[EndTime "10:40:26 PDT"]
[Termination "mattcolins2025 won by resignation"]

1. e4 c5 2. Nf3 Nc6 3. d4 cxd4 4. Nxd4 Nf6 5. Nc3 e5 6. Nf3 Bb4 7. Bc4 d6 8. Bg5 h6 9. Bxf6 Qxf6 10. O-O Bxc3 11. bxc3 O-O 12. h3 a6 13. Bd5 Rd8 14. c4 Be6 15. Rb1 Rab8 16. Rb6 Ne7 17. Qd3 Bxd5 18. cxd5 Nc8 19. Rb3 b5 20. Rfb1 Nb6 21. Nd2 Rdc8 22. Rc3 Qe7 23. Rxc8+ Rxc8 24. Rc1 Nc4 25.
Nxc4 Rxc4 26. f3 Qa7+ 27. Kh2 Qc5 28. c3 a5 29. Rc2 Qc7 30. Rb2 Qc5 31. Qe2 Kh7 32.
Qf1 b4 33. cxb4 axb4 34. Qf2 Qa5 35. Qd2 Rc3 36. Rb3 Rxb3 37. axb3 Qc5 38. Kg3 Qc3 39. Qa2 h5 40. Qb1 g5 41. h4 g4 42. Qd1 Qe3 43. Kh2 Qf4+ 44. g3 Qxf3 45. Qd2 Qxe4 46. Qg5 Qg6 47. Qe7 Kg7 48. Kg1 Qb1+ 49. Kf2 Qc2+ 50.
Kg1 Qd1+ 51. Kh2 Qe2+ 52. Kg1 Qe3+ 53. Kh1 Qf3+ 54. Kh2 Qf2+ 55. Kh1 Qf1+ 56. Kh2 Qh3+ 57. Kg1 Qxg3+ 58. Kh1 Qf3+ 59. Kg1 Qe3+ 60. Kg2 Qe4+ 61. Kg1 Qd4+ 62. Kg2 Qxd5+ 63. Kg3 Qf3+ 64. Kh2 Qf4+ 65. Kg2 e4 0-1